 Dungeon Crawl Stone Soup version 0.31-a0-636-ge1c0e020e0 (webtiles) character file.

Game seed: 1750488917727989162

2826 randomguy2701 the Cleaver (level 9, -5/80 HPs)
             Began as a Hill Orc Fighter on Aug 27, 2023.
             Was a Believer of Beogh.
             Slain by a hornet (11 damage)
             ... on level 8 of the Dungeon.
             The game lasted 00:09:11 (7945 turns).

randomguy2701 the Cleaver (Hill Orc Fighter)        Turns: 7945, Time: 00:09:11

Health: -5/80      AC: 13    Str: 25    XL:     9   Next: 73%
Magic:  12/12      EV:  7    Int:  8    God:    Beogh [**....]
Gold:   446        SH:  5    Dex: 14    Spells: 8/8 levels left

rFire   . . .        a - +0 war axe
rCold   + . .        c - +0 buckler
rNeg    . . .        F - +0 plate armour
rPois   .            (no helmet)
rElec   .            (no cloak)
rCorr   .            (no gloves)
SInv    .            (no boots)
Will    .....        (no amulet) Stlth
                     m - +6 ring of strength
HPRegen 0.33/turn    E - ring of protection from cold
MPRegen 0.13/turn

%: no passive effects
@: slowed, very slow
A: no striking features
a: Renounce Religion, Smiting


You were on level 8 of the Dungeon.
You worshipped Beogh.
Beogh was pleased with you.
You visited 1 branch of the dungeon, and saw 8 of its levels.

You collected 446 gold pieces.

Inventory:

Hand Weapons
 a - a +0 war axe (weapon)
 y - the +8 flail "Ureicar" {speed, Fragile Int+6 Dex+6}
   (You found it on level 3 of the Dungeon)

   Int+6:     It affects your intelligence (+6).
   Dex+6:     It affects your dexterity (+6).
   Fragile:   It will be destroyed if unequipped.
Missiles
 A - 2 throwing nets
Armour
 b - a +0 scale mail
 c - a +0 buckler (worn)
 F - a +0 plate armour (worn)
Jewellery
 m - a +6 ring of strength (left hand)
 E - a ring of protection from cold (right hand)
Wands
 D - a wand of paralysis (9)
Scrolls
 d - a scroll of fog {unknown}
 e - a scroll of noise {unknown}
 k - a scroll of fear {unknown}
 l - 3 scrolls of teleportation {unknown}
 n - a scroll of vulnerability {unknown}
 o - a scroll of brand weapon {unknown}
 p - 3 scrolls of identify
 q - 2 scrolls of enchant weapon {unknown}
 s - a scroll of torment {unknown}
 u - a scroll of acquirement {unknown}
 w - 2 scrolls of revelation {unknown}
 x - 2 scrolls of silence {unknown}
 C - a scroll of poison {unknown}
Potions
 f - a potion of curing
 g - 2 potions of brilliance {unknown}
 h - 2 potions of attraction {unknown}
 i - 3 potions of magic
 j - 2 potions of degeneration
 r - 2 potions of haste
 t - 2 potions of resistance {unknown}
 v - 2 potions of experience {unknown}
 z - 3 potions of mutation {unknown}
 B - a potion of enlightenment {unknown}


   Skills:
 + Level 7.7 Fighting
 + Level 11.4 Axes
 + Level 7.6 Armour
 + Level 4.9 Shields
 * Level 4.8 Invocations


You had 8 spell levels left.
You didn't know any spells.
Your spell library contained the following spells:

 Spells                   Type           Power      Damage    Failure   Level
 Apportation              Tloc           0%         N/A       99%         1
 Blink                    Tloc           0%         N/A       100%        2
 Cigotuvi's Dreadful Rot  Necr/Pois/Air  0%         N/A       100%        2
 Lesser Beckoning         Tloc           0%         N/A       100%        2
 Gell's Gravitas          Tloc           0%         N/A       100%        3
 Ignite Poison            Fire/Tmut/Pois 0%         N/A       100%        3
 Teleport Other           Tloc           0%         N/A       100%        3
 Manifold Assault         Tloc           0%         N/A       100%        4
 Alistair's Intoxication  Tmut/Pois      0%         N/A       100%        5
 Freezing Cloud           Conj/Ice/Air   0%         6-21      100%        5


Dungeon Overview and Level Annotations

Branches:
Dungeon (8/15)             Temple (0/1) D:6
   Lair: D:8-11

Altars:
Hepliaklqana
Makhleb
Nemelex Xobeh
Okawaru
Wu Jian
Zin

Shops:
D:7 *


Message History

You are poisoned.
You feel as though you will be slow longer.
You slash the hornet!
The hornet is severely wounded.
You feel very sick. The hornet stings you!
You feel as though you will be slow longer.
The hornet stings you!
You are more poisoned.
You feel as though you will be slow longer.
You feel better. The hornet stings you!
You feel as though you will be slow longer.
The hornet stings you!
* * * LOW HITPOINT WARNING * * *
You are poisoned.
You feel as though you will be slow longer.
You feel better. You block the hornet's attack. The hornet stings you!
* * * LOW HITPOINT WARNING * * *
You feel as though you will be slow longer.
Unknown command.
You slash the hornet!
The hornet is almost dead.
The hornet closely misses you. The hornet stings you!
* * * LOW HITPOINT WARNING * * *
You feel as though you will be slow longer.
You miss the hornet.
The hornet is almost dead.
The hornet stings you.
* * * LOW HITPOINT WARNING * * *
You are lethally poisoned!
You feel as though you will be slow longer.
The hornet closely misses you. You block the hornet's attack.
You feel better. The hornet closely misses you. The hornet stings you!
* * * LOW HITPOINT WARNING * * *
You feel as though you will be slow longer.
You closely miss the hornet.
The hornet is almost dead.
The hornet stings you but does no damage.
The hornet stings you!
You die...

#############
########........@yS#
#..........#######.#
#..#######.# #.#
#..# #.# #.# #..###
#.# #S# #..#.## #.#
... #....<## #.#
...># #..)...# #.#
##...# #.#...## #.#
#...#


You could see a hornet and a water moccasin.

Vanquished Creatures
  A wyvern (D:7)
  A wraith (D:6)
  3 water moccasins
  A black bear (D:5)
  A sky beast (D:7)
  An orc warrior (D:6)
  An ice beast (D:5)
  2 centaurs
  A phantom (D:5)
  Blork the orc (D:4)
  A bullfrog (D:7)
  4 scorpions
  7 wights
  2 howler monkeys (D:7)
  3 jellies
  6 orc priests
  A sleepcap (D:6)
  3 hounds (D:5)
  2 iguanas
  3 orc wizards (D:7)
  7 gnolls
  10 adders
  2 shadow imps
  2 white imps
  An ufetubus (D:6)
  3 worms
  2 dart slugs
  25 orcs
  4 endoplasms
  4 giant cockroaches
  6 goblins
  3 hobgoblins
  3 jackals (D:1)
  2 kobolds
  8 quokkas
  8 ball pythons
  4 bats
  7 frilled lizards
  6 rats
152 creatures vanquished.

Vanquished Creatures (others)
  An orc (D:4)
  An endoplasm (D:4)
2 creatures vanquished.

Grand Total: 154 creatures vanquished

Notes
Turn   | Place    | Note
-------+----------+-------------------------------------------
     0 | D:1      | randomguy2701 the Hill Orc Fighter began the quest for the
                  | Orb.
     0 | D:1      | Reached XP level 1. HP: 19/19 MP: 1/1
   238 | D:1      | Reached XP level 2. HP: 25/27 MP: 2/2
   298 | D:1      | Found a faded altar of an unknown god.
   306 | D:1      | Reached skill level 3 in Axes
   785 | D:2      | Reached XP level 3. HP: 31/33 MP: 3/3
  1400 | D:3      | Reached XP level 4. HP: 40/40 MP: 4/4
  1423 | D:3      | Identified the +8 flail "Ureicar" {speed, Fragile Int+6
                  | Dex+6}
  1521 | D:3      | Reached skill level 4 in Axes
  1730 | D:3      | Found an iron altar of Okawaru.
  1731 | D:3      | Found an ornate altar of the Wu Jian Council.
  1731 | D:3      | Found a sparkling altar of Nemelex Xobeh.
  1860 | D:3      | Noticed a centaur
  1969 | D:4      | Noticed a scorpion
  1981 | D:4      | Killed a scorpion
  1982 | D:4      | Reached skill level 5 in Axes
  1982 | D:4      | Reached XP level 5. HP: 24/47 MP: 5/5
  2273 | D:4      | Became a worshipper of Beogh the Brigand
  2662 | D:4      | Reached XP level 6. HP: 4/53 MP: 6/6
  2663 | D:4      | Reached skill level 6 in Axes
  2871 | D:4      | Reached skill level 5 in Fighting
  3369 | D:4      | Noticed Blork the orc
  3382 | D:4      | Killed Blork the orc
  3383 | D:4      | Reached skill level 7 in Axes
  3383 | D:4      | Reached XP level 7. HP: 28/61 MP: 7/7
  3680 | D:5      | Entered Level 5 of the Dungeon
  3687 | D:5      | Reached skill level 5 in Armour
  4076 | D:5      | Reached skill level 8 in Axes
  4100 | D:5      | Reached * piety under Beogh
  4109 | D:5      | Reached XP level 8. HP: 27/70 MP: 8/8
  4465 | D:5      | Identified the +1 ring mail of the Nurturing Gods {rPois}
  5215 | D:6      | Reached skill level 9 in Axes
  5215 | D:6      | Reached skill level 1 in Invocations
  5362 | D:6      | Found a burning altar of Makhleb.
  5403 | D:6      | Found a staircase to the Ecumenical Temple.
  5783 | D:6      | Noticed a wraith
  5797 | D:6      | Killed a wraith
  5970 | D:6      | Reached skill level 10 in Axes
  5970 | D:6      | Reached XP level 9. HP: 78/78 MP: 11/11
  6646 | D:7      | Found a large runed translucent door.
  6647 | D:7      | Found a large runed translucent door.
  6857 | D:7      | Reached ** piety under Beogh
  6861 | D:7      | Reached skill level 11 in Axes
  7663 | D:7      | Found Yhasoibbe's Assorted Antiques.
  7725 | D:7      | Found a glowing silver altar of Zin.
  7756 | D:7      | Found a hazy altar of Hepliaklqana.
  7930 | D:8      | Noticed a hornet
  7945 | D:8      | Slain by a hornet

Illustrated notes

Levels and vault maps discovered:
D:1:      dpeg_arrival_solitude, layout_basic,
          ebering_ecumenical_altar_sacrificial
D:2:      layout_rooms, kennysheep_decorative_pillar, minmay_tetromino_s2
D:3:      layout_rooms, gammafunk_temple_overflow_forgotten,
          lightli_corner_chamber
D:4:      layout_loops_corners, kennysheep_generic_room_13, uniq_blork_the_orc
D:5:      layout_layer_cave, minmay_misc_feat_tiny, minmay_misc_feat_nine_boxes,
          kennysheep_diamond
D:6:      layout_rooms, mainiacjoe_overflow_brackets,
          minmay_temple_entry_offerings
D:7:      layout_layer_cave, jmf_multi_god_temple2, serial_shops,
          nicolae_shop_back_alley_shop
D:8:      layout_loops_ring, uniq_maggie

Skill      XL: |  1  2  3  4  5  6  7  8  9 |
---------------+----------------------------+-----
Axes           | 3 5 7 8 10 11 | 11.4
Fighting       | 4 5 6 7 |  7.7
Armour         | 4 5 6 7 |  7.6
Shields        | 4 |  4.9
Invocations    | 3 4 |  4.8

Action                     |  1- 3 |  4- 6 |  7- 9 || total
---------------------------+-------+-------+-------++-------
  Melee: War axe           |   116 |   138 |   263 ||   517
 Invoke: Convert to Beogh  |       |     1 |       ||     1
    Use: Potion            |       |     1 |     6 ||     7
         Scroll            |       |       |     4 ||     4
 Armour: Scale mail        |    52 |    40 |    88 ||   180
         Plate armour      |       |       |    56 ||    56
  Dodge: Dodged            |    48 |    58 |    94 ||   200
  Block: Buckler           |    21 |    27 |    61 ||   109

Table legend: (Time is in decaauts)
 A = Elapsed time spent in this place.
 B = Non-inter-level travel time spent in this place.
 C = Inter-level travel time spent in this place.
 D = Time resting spent in this place.
 E = Time spent auto-exploring this place.
 F = Levels seen in this place.
 G = Mean time per level.
                   A        B        C        D        E       F      G
               +--------+--------+--------+--------+--------+-----+--------+
         Total |   8055 |   7799 |    256 |     40 |   6647 |   8 | 1006.9 |
       Dungeon |   8055 |   7799 |    256 |     40 |   6647 |   8 | 1006.9 |
               +--------+--------+--------+--------+--------+-----+--------+

Top non-repeatable levels by time:
     D:4: 1718 daAuts
     D:5: 1631 daAuts
     D:7: 1496 daAuts
     D:6: 1021 daAuts
     D:1: 793 daAuts
     D:3: 657 daAuts
     D:2: 590 daAuts
     D:8: 146 daAuts
